 Dungeon Crawl Stone Soup version 0.19-a0-1170-g18f0c96 (webtiles) character file.

70 jacquesderrida the Cudgeler (level 4, -1/37 HPs)
             Began as a Minotaur Warper on Aug 18, 2016.
             Slain by an orc priest
             ... wielding a +0 whip
              (3 damage)
             ... on level 4 of the Dungeon.
             The game lasted 00:01:50 (777 turns).

jacquesderrida the Cudgeler (Minotaur Warper)        Turns: 777, Time: 00:01:51

Health: -1/37      AC:  5    Str: 15    XL:     4   Next: 3%
Magic:  5/5        EV: 11    Int: 10    God:
Gold:   79         SH:  0    Dex: 11    Spells: 1 memorised, 4 levels left

rFire  . . .     SeeInvis .     a - +0 mace
rCold  . . .     Gourm    .     l - +0 ring mail
rNeg   . . .     Faith    .     (no shield)
rPois  .         Spirit   .     (helmet restricted)
rElec  .         Dismiss  .     (no cloak)
rCorr  .         Reflect  .     (no gloves)
MR     .....     Harm     .     (no boots)
Stlth  +.........               (no amulet)
                                (no ring)
                                (no ring)

@: flying
A: retaliatory headbutt, horns 2
a: no special abilities


You were on level 4 of the Dungeon.
You were not hungry.

You visited 1 branch of the dungeon, and saw 4 of its levels.

You collected 79 gold pieces.

Inventory:

Hand Weapons
 a - a +0 mace (weapon)
Missiles
 e - 5 tomahawks of dispersal (quivered)
 t - 4 tomahawks
Armour
 b - a +0 leather armour
 l - a +0 ring mail (worn)
Jewellery
 n - an uncursed amulet of dismissal
Scrolls
 d - a scroll of blinking
 m - a scroll of identify {unknown}
 o - a scroll of remove curse {unknown}
 q - a scroll of teleportation {unknown}
Potions
 i - a potion of mutation {unknown}
 k - a potion of magic {unknown}
 p - a potion of haste {unknown}
 r - a potion of heal wounds {unknown}
Books
 c - a book of Spatial Translocations

   Spells                             Type                      Level
   a - Apportation                    Translocation                1
   b - Blink                          Translocation                2
   c - Shroud of Golubria             Charms/Translocation         2
   d - Portal Projectile              Translocation                3
   e - Teleport Other                 Translocation                3
   f - Passage of Golubria            Translocation                4
Comestibles
 f - a bread ration
 h - 2 meat rations
 j - a slice of pizza


   Skills:
 - Level 2.4 Fighting
 + Level 5.2 Maces & Flails
 - Level 1.0 Throwing
 - Level 1.2 Armour
 - Level 2.1 Dodging
 - Level 1.3 Spellcasting
 - Level 2.1 Translocations


You had 4 spell levels left.
You knew the following spells:

 Your Spells              Type           Power        Failure   Level  Hunger
a - Apportation           Tloc           #.........   28%         1    ##.....


Dungeon Overview and Level Annotations

Branches:
Dungeon (4/15)
 Temple: D:4-7

Altars:
Okawaru


Innate Abilities, Weirdness & Mutations

You reflexively headbutt those who attack you in melee.
You have a pair of horns on your head.


Message History

The orc priest casts a cantrip, but nothing happens.
You closely miss the orc priest. The orc priest barely misses you.
You hit the orc priest. Your headbutt misses the orc priest.
The orc priest is moderately wounded.
The orc priest hits you with a whip.
You hit the orc priest but do no damage.
The orc priest is moderately wounded.
The orc barely misses you. You furiously retaliate!
You headbutt the orc!
You kill the orc!
The orc priest invokes the aid of Beogh against you.
Beogh smites you!
* * * LOW HITPOINT WARNING * * *
You hit the orc priest but do no damage.
The orc priest is moderately wounded.
The orc priest calls down the wrath of Beogh upon you.
You barely resist. You hit the orc priest. Your headbutt misses the orc priest.
The orc priest is heavily wounded.
The orc priest hits you with a whip.
You die...

#.#.###.#.##.._..#######
#.#...#.#.##.#.#.#...(..
...........#.....#......
#...[<..#.####[###......
#########.##............
...<....##............ .
##########..............
.........####.....
#.......@.?....#
####.###o)........
...#............
#####............
..............
##..##......... ....
#......... ....
#.........


You could see an orc priest.

Vanquished Creatures
  An iguana (D:3)
  An adder (D:4)
  A giant gecko (D:1)
  3 orcs (D:4)
  3 giant cockroaches
  A goblin (D:1)
  7 hobgoblins
  A quokka (D:2)
  A ball python (D:1)
  5 bats
  2 giant newts (D:1)
  2 kobolds
  A rat (D:1)
29 creatures vanquished.

Notes
Turn   | Place    | Note
-------+----------+-------------------------------------------
     0 | D:1      | jacquesderrida the Minotaur Warper began the quest for the Orb.
     0 | D:1      | Reached XP level 1. HP: 18/18 MP: 1/1
   206 | D:1      | Reached skill level 3 in Maces & Flails
   257 | D:1      | Reached XP level 2. HP: 13/25 MP: 3/3
   530 | D:2      | Reached skill level 4 in Maces & Flails
   535 | D:3      | Reached XP level 3. HP: 30/30 MP: 4/4
   720 | D:4      | Found an iron altar of Okawaru.
   741 | D:4      | Reached skill level 5 in Maces & Flails
   752 | D:4      | Reached XP level 4. HP: 7/37 MP: 5/5
   777 | D:4      | Slain by an orc priest

Vault maps used:
D:1:      dpeg_arrival_more_subterranean_lakeside_camping, serial_park_tiny_2
D:2:      lemuel_crystal_altar, overflow_temple_1_default, ecumenical_altar_1,
          bloody_makhleb
D:4:      zin_scriptorium, grunt_temple_overflow_open, kennysheep_little_box,
          first_bread, serial_shops, kennysheep_mini_moat

Skill      XL: |  1  2  3 |
---------------+----------+-----
Maces & Flails | 3 4 5 |  5.2
Fighting       | |  2.4
Throwing       | |  1.0
Armour         | |  1.2
Dodging        | |  2.1
Spellcasting   | |  1.3
Translocations | |  2.1

Action                   |  1- 3 |  4- 6 || total
-------------------------+-------+-------++-------
Melee: Mace              |    59 |     5 ||    64
       Headbutt          |     9 |       ||     9
  Use: Potion            |     1 |     2 ||     3
Armor: Leather armour    |     4 |       ||     4
       Ring mail         |    10 |       ||    10
Dodge: Dodged            |    46 |     2 ||    48
